 Dungeon Crawl Stone Soup version 0.16-a0-3667-g690a316 (webtiles) character file.

14 cbrotest the Ruffian (level 2, 0/24 HPs)
             Began as a Bearkin Berserker on Jan 18, 2015.
             Was a Follower of Trog.
             Slain by a hobgoblin (3 damage)
             ... on level 1 of the Dungeon.
             The game lasted 00:01:49 (488 turns).

cbrotest the Ruffian (Bearkin Berserker)             Turns: 488, Time: 00:01:49

Health: 0/24       AC:  3    Str: 20    XL:     2   Next: 27%
Magic:  2/2        EV: 12    Int:  6    God:    Trog [*.....]
Gold:   23         SH:  0    Dex: 10    Spells: 0 memorised, 1 level left

rFire  . . .     SeeInvis .       - Unarmed
rCold  . . .     Clarity  .     b - +0 animal skin
rNeg   . . .     SustAb   .     (no shield)
rPois  .         Gourm    .     (no helmet)
rElec  .         Spirit   .     (no cloak)
rCorr  .         Warding  .     (no gloves)
rMut   .         Stasis   .     (no boots)
MR     .....                    (no amulet)
Stlth  +.........               (no ring)
                                (no ring)

@: not resistant to hostile enchantments, very unstealthy
A: claws 1, shaggy fur 1, hind claws 1, cornered berserk
a: Cornered Berserk, Burn Spellbooks, Berserk, Renounce Religion


You were on level 1 of the Dungeon.
You worshipped Trog.
Trog was aware of your devotion.
You were not hungry.

You visited 1 branch of the dungeon, and saw 1 of its levels.

You collected 23 gold pieces.

Notes
Turn   | Place    | Note
--------------------------------------------------------------
     0 | D:1      | cbrotest, the Bearkin Berserker, began the quest for the Orb.
     0 | D:1      | Reached XP level 1. HP: 18/18 MP: 1/1
   327 | D:1      | Reached XP level 2. HP: 20/24 MP: 2/2
   488 | D:1      | Slain by a hobgoblin

Inventory:

Armour
 b - a +0 animal skin (worn)
Scrolls
 c - a scroll of enchant weapon {unknown}
 d - a scroll of teleportation {unknown}
Potions
 e - a potion of lignification {unknown}
Comestibles
 a - a bread ration

Table legend:
 A = Turns spent in this place as a percentage of turns spent in the entire game.
 B = Non-inter-level travel turns spent in this place as a percentage of non-inter-level travel turns spent in the entire game.
 C = Inter-level travel turns spent in this place as a percentage of turns spent in this place.
 D = Turns resting spent in this place as a percentage of non-inter-level travel turns spent in this place.
 E = Turns spent auto-exploring this place as a percentage of non-inter-level travel turns spent in this place.
 F = Non-inter-level travel turns spent in this place divided by the number of levels of this place that you've seen.
                   A       B       C       D       E      F
               +-------+-------+-------+-------+-------+----------------------
         Total | 100.0 | 100.0 |   0.0 |   3.6 |  10.7 | 140.0
       Dungeon | 100.0 | 100.0 |   0.0 |   3.6 |  10.7 | 140.0
               +-------+-------+-------+-------+-------+----------------------


   Skills:
 + Level 3.1 Fighting
 - Level 1.2 Armour
 + Level 2.0 Dodging
 + Level 3.2 Unarmed Combat


You had one spell level left.
You didn't know any spells.

Dungeon Overview and Level Annotations

Branches:
Dungeon (1/15)

Altars:


Innate Abilities, Weirdness & Mutations

You have sharp fingernails.
You are covered in fur (AC +1).
Your hind legs have claws.
You can berserk when greatly wounded.


Message History

You closely miss the kobold.
The kobold is moderately wounded.
The kobold hits you. The hobgoblin hits you.
You barely miss the kobold.
Your hind claws misses the kobold.
The kobold is moderately wounded.
The kobold closely misses you. The hobgoblin hits you.
You barely miss the kobold. You claw the kobold, but do no damage.
The kobold is moderately wounded.
The kobold is no longer bleeding.
The kobold hits you but does no damage. The hobgoblin hits you.
You closely miss the kobold.
Your hind claws misses the kobold.
The kobold is moderately wounded.
The kobold barely misses you. The hobgoblin hits you.
* * * LOW HITPOINT WARNING * * *
You closely miss the kobold. You claw the kobold, but do no damage.
The kobold is moderately wounded.
The kobold hits you.
* * * LOW HITPOINT WARNING * * *
The hobgoblin hits you.
You die...

#######.. ......>..
########### #.......#
.....)....# #Kg.......
#########'## #@.....#
#####......## #).....#
....#.......# #(.....#
....#.......####......##
....#######..............
....# #####........#
....# #...###..# #####
#.(.# #.. #####


You could see a hobgoblin and a kobold.

Table legend:
 A = Kills in this place as a percentage of kills in entire the game.
 B = Kills by you in this place as a percentage of kills by you in the entire game.
 C = Kills by friends in this place as a percentage of kills by friends in the entire game.
 D = Other kills in this place as a percentage of other kills in the entire game.
 E = Experience gained in this place as a percentage of experience gained in the entire game.
 F = Experience gained in this place divided by the number of levels of this place that you have seen.
                   A       B       C       D       E      F
               +-------+-------+-------+-------+-------+----------------------
         Total | 100.0 | 100.0 |  -nan |  -nan | 100.0 |  20.0
       Dungeon | 100.0 | 100.0 |  -nan |  -nan | 100.0 |  20.0
               +-------+-------+-------+-------+-------+----------------------

Vanquished Creatures
  Monster Symbol All 'K'
  2 kobolds (D:1)
2 creatures vanquished. All 'b' 3 bats (D:1)
3 creatures vanquished. All 'g' 2 goblins (D:1) 4 hobgoblins (D:1)
6 creatures vanquished.
11 creatures vanquished. Monster Nature Natural Monsters 3 bats (D:1) 2 goblins (D:1) 4 hobgoblins (D:1) 2 kobolds (D:1)
11 creatures vanquished.
11 creatures vanquished. Ascending Order 2 goblins (D:1) 2 kobolds (D:1) 3 bats (D:1) 4 hobgoblins (D:1)
11 creatures vanquished.

Action                   || total
-------------------------++-------
Melee: Unarmed           ||    42

Vault maps used:
D:1:      dpeg_arrival_tiny_c
